 Dungeon Crawl Stone Soup version 0.22.0-38-g04b72b8 (webtiles) character file.

116 Starchild the Bolt Thrower (level 5, -3/29 HPs)
             Began as a Kobold Arcane Marksman on Aug 28, 2018.
             Slain by Crazy Yiuf
             ... wielding a +4 quarterstaff of chaos
              (6 damage)
             ... on level 3 of the Dungeon.
             The game lasted 00:10:46 (1723 turns).

Starchild the Bolt Thrower (Kobold Arcane Marksman) Turns: 1723, Time: 00:10:46

Health: -3/29      AC:  3    Str:  8    XL:     5   Next: 20%
Magic:  6/6        EV: 15    Int: 14    God:
Gold:   154        SH:  0    Dex: 16    Spells: 3/6 levels left

rFire    . . .     SeeInvis .   a - +0 hand crossbow
rCold    . . .     Gourm    .   (shield restricted)
rNeg     . . .     Faith    .   e - +0 robe
rPois    .         Spirit   .   j - +0 helmet
rElec    .         Reflect  .   (no cloak)
rCorr    .         Harm     .   (no gloves)
MR       .....                  (no boots)
Stlth    +.........             (no amulet)
HPRegen  0.09/turn              (no ring)
MPRegen  0.10/turn              (no ring)

@: no status effects
A: small, carnivore
a: no special abilities


You were on level 3 of the Dungeon.
You were not hungry.

You visited 1 branch of the dungeon, and saw 3 of its levels.

You collected 154 gold pieces.

Inventory:

Hand Weapons
 a - a +0 hand crossbow (weapon)
 m - a +0 dagger
Missiles
 d - 48 bolts (quivered)
 g - 87 stones
Armour
 e - a +0 robe (worn)
 j - a +0 helmet (worn)
Jewellery
 c - an uncursed amulet of guardian spirit
Scrolls
 b - 2 scrolls of remove curse
 h - 4 scrolls of identify
 k - 2 scrolls of amnesia {unknown}
 l - 5 scrolls of teleportation {unknown}
 n - a scroll of magic mapping {unknown}
Potions
 i - a potion of mutation {unknown}
 o - 3 potions of degeneration {unknown}
 p - 3 potions of agility {unknown}
 q - a potion of curing {unknown}
Comestibles
 f - 4 rations


   Skills:
 - Level 1.1 Fighting
 + Level 2.9 Short Blades
 - Level 5.2 Crossbows
 - Level 2.4 Dodging
 - Level 1.1 Spellcasting
 - Level 3.0 Hexes


You had 3 spell levels left.
You knew the following spells:

 Your Spells              Type           Power        Failure   Level  Hunger
a - Corona                Hex            #......      8%          1    ##.....
b - Slow                  Hex            #.......     12%         2    ###....

Your spell library contained the following spells:

 Spells                   Type           Power        Failure   Level  Hunger
 Inner Flame              Hex/Fire       #.......     38%         3    ####...
 Portal Projectile        Hex/Tloc       #.....       38%         3    ####...
 Cause Fear               Hex            #.........   58%         4    #####..
 Leda's Liquefaction      Hex/Erth       #.........   80%         4    #####..


Dungeon Overview and Level Annotations

Branches:
Dungeon (3/15)

Altars:
Hepliaklqana
Trog
Uskayaw

Annotations:
D:3 Crazy Yiuf


Innate Abilities, Weirdness & Mutations

You are small and have problems with some larger weapons.
You are carnivorous and can eat meat at any time.


Message History

Firing (i - inventory. (/) - cycle)
d - 51 bolts (quivered)
Press: ? - help, Shift-Dir - straight line, f/p - Crazy Yiuf
Aim: Crazy Yiuf, wielding a quarterstaff of chaos and wearing a runed cloak (moderately wounded)
You shoot a bolt. The bolt hits Crazy Yiuf.
Crazy Yiuf is heavily wounded.
Crazy Yiuf hits you with a quarterstaff of chaos!
* * * LOW HITPOINT WARNING * * *
Firing (i - inventory. (/) - cycle)
d - 50 bolts (quivered)
Press: ? - help, Shift-Dir - straight line, f/p - Crazy Yiuf
Aim: Crazy Yiuf, wielding a quarterstaff of chaos and wearing a runed cloak (heavily wounded)
You shoot a bolt. The bolt closely misses Crazy Yiuf.
Crazy Yiuf completely misses you.
Firing (i - inventory. (/) - cycle)
d - 49 bolts (quivered)
Press: ? - help, Shift-Dir - straight line, f/p - Crazy Yiuf
Aim: Crazy Yiuf, wielding a quarterstaff of chaos and wearing a runed cloak (heavily wounded)
You shoot a bolt. The bolt hits Crazy Yiuf.
Crazy Yiuf is severely wounded.
Crazy Yiuf cries, "You Xom stair!"
Crazy Yiuf hits you with a quarterstaff of chaos.
You die...

.....#.#.#
.###.#.#.###
.###.#.....#
.##...#....#
#####
##..>....###
#)(.#
##....##...#
#.(.#
..#.......##
...
.#.#.###.##
#g#
.........#
♣@♣♣
.#.#.#####
♣♣.♣ .....#
♣.♣♣ ##.###
♣♣.♣ #.#
♣♣.♣♣ #.#
♣♣P..♣ ..#
♣...P♣ # ##
#....# #
#....#


You could see Crazy Yiuf.

Vanquished Creatures
  5 adders
  3 dart slugs (D:1)
  5 orcs (D:3)
  9 bats
  A giant cockroach (D:1)
  9 goblins
  4 hobgoblins
  3 quokkas
  5 frilled lizards
  9 kobolds
  6 rats
59 creatures vanquished.

Notes
Turn   | Place    | Note
-------+----------+-------------------------------------------
     0 | D:1      | Starchild the Kobold Arcane Marksman began the quest for the Orb.
     0 | D:1      | Reached XP level 1. HP: 12/12 MP: 2/2
    55 | D:1      | Reached skill level 3 in Crossbows
    55 | D:1      | Reached XP level 2. HP: 15/16 MP: 1/3
   278 | D:1      | Reached skill level 4 in Crossbows
   278 | D:1      | Reached XP level 3. HP: 20/20 MP: 4/4
   765 | D:2      | Learned a level 2 spell: Slow
   947 | D:2      | Reached XP level 4. HP: 23/25 MP: 5/5
  1071 | D:2      | Reached skill level 5 in Crossbows
  1072 | D:2      | Found a hazy altar of Hepliaklqana.
  1072 | D:2      | Found a bloodstained altar of Trog.
  1187 | D:2      | Noticed a dagger
  1188 | D:2      | Noticed a hand axe
  1189 | D:2      | Found a hide-covered altar of Uskayaw.
  1227 | D:2      | Reached skill level 1 in Short Blades
  1569 | D:3      | Reached XP level 5. HP: 29/29 MP: 6/6
  1711 | D:3      | Found a runed door.
  1715 | D:3      | Noticed Crazy Yiuf
  1723 | D:3      | Slain by Crazy Yiuf

Skill      XL: |  1  2  3  4 |
---------------+-------------+-----
Crossbows      | 3 4 5 |  5.2
Short Blades   | 2 |  2.9
Fighting       | |  1.1
Dodging        | |  2.4
Spellcasting   | |  1.1
Hexes          | |  3.0

Action                   |  1- 3 |  4- 6 || total
-------------------------+-------+-------++-------
 Fire: Hand crossbow     |    92 |    74 ||   166
  Use: Scroll            |       |     3 ||     3
  Eat: Chunk             |     1 |     1 ||     2
Armor: Robe              |     9 |     3 ||    12
Dodge: Dodged            |    43 |    24 ||    67
